 Dungeon Crawl Stone Soup version 0.29.1-1-gd02db6906a (webtiles) character file.

Game seed: 16138600956865687289

119 safid the Shooter (level 4, 0/36 HPs)
             Began as a Minotaur Hunter on Sept 23, 2022.
             Slain by an orc wizard
             ... wielding a +0 dagger
              (3 damage)
             ... on level 3 of the Dungeon.
             The game lasted 00:03:34 (2109 turns).

safid the Shooter (Minotaur Hunter)                 Turns: 2109, Time: 00:03:35

Health: 0/36       AC:  3    Str: 20    XL:     4   Next: 73%
Magic:  3/3        EV: 14    Int:  5    God:
Gold:   159        SH:  0    Dex: 20    Spells: 3/3 levels left

rFire   . . .      SeeInvis .   a - +0 shortbow
rCold   . . .      Faith    .   (shield currently unavailable)
rNeg    . . .      Spirit   .   m - +1 animal skin
rPois   +          Reflect  .   (helmet restricted)
rElec   .          Harm     .   (no cloak)
rCorr   .          Rampage  .   (no gloves)
Will    .....                   (no boots)
Stlth   +.........              (no amulet)
HPRegen 0.12/turn               g - +6 ring of dexterity
MPRegen 0.08/turn               (no ring)

@: confused, attractive
A: horns 2, retaliatory headbutt, frail 1, poison resistance, strong 1
a: no special abilities


You were on level 3 of the Dungeon.
You visited 1 branch of the dungeon, and saw 3 of its levels.

You collected 159 gold pieces.

Inventory:

Hand Weapons
 a - a +0 shortbow (weapon)
Missiles
 o - 3 javelins
Armour
 m - a +1 animal skin (worn)
Jewellery
 g - a +6 ring of dexterity (left hand)
Scrolls
 b - 2 scrolls of fog {unknown}
 d - 2 scrolls of identify {unknown}
 h - a scroll of teleportation {unknown}
 l - a scroll of fear {unknown}
 n - a scroll of enchant armour {unknown}
 p - a scroll of blinking {unknown}
 q - a scroll of torment {unknown}
 s - a scroll of vulnerability {unknown}
Potions
 c - a potion of might {unknown}
 e - a potion of resistance {unknown}
 f - a potion of curing {unknown}
 i - 2 potions of mutation
 j - a potion of brilliance {unknown}
 k - a potion of attraction
 r - a potion of magic {unknown}


   Skills:
 + Level 4.0 Fighting
 + Level 5.3 Ranged Weapons
 + Level 3.6 Dodging
 - Level 0.7 Stealth


You had 3 spell levels left.
You didn't know any spells.
Your spell library was empty.

Dungeon Overview and Level Annotations

Branches:
Dungeon (3/15)

Altars:
Hepliaklqana


Innate Abilities, Weirdness & Mutations

You have a pair of horns on your head.
You reflexively headbutt those who attack you in melee.
You are frail. (-10% HP)
Your system is resistant to poisons. (rPois)
Your muscles are strong. (Str +4, Int/Dex -1)


Message History

You shoot an arrow.
You hear some strange, mumbled words.
You are more confused.
Unknown command.
Non-targeted confused fire: a) +0 shortbow
Press: ? - help, Q - select action, (/) - cycle Dir - look around, f - activate You shoot an arrow.
Something hits you.
* * * LOW HITPOINT WARNING * * *
Unknown command.
Non-targeted confused fire: a) +0 shortbow
Press: ? - help, Q - select action, (/) - cycle Dir - look around, f - activate You shoot an arrow.
Something hits you but does no damage.
Unknown command.
Unknown command.
Non-targeted confused fire: a) +0 shortbow
Press: ? - help, Q - select action, (/) - cycle Dir - look around, f - activate You shoot an arrow.
Something barely misses you. Something hits you.
* * * LOW HITPOINT WARNING * * *
Unknown command.
Non-targeted confused fire: a) +0 shortbow
Press: ? - help, Q - select action, (/) - cycle Dir - look around, f - activate You shoot an arrow.
You hear some strange, mumbled words.
A puff of flame appears from out of thin air!
The puff of flame hits you!
* * * LOW HITPOINT WARNING * * *
Non-targeted confused fire: a) +0 shortbow
Press: ? - help, Q - select action, (/) - cycle Dir - look around, f - activate
Okay, then.
Unknown command.
It was a potion of mutation.
You feel extremely strange.
You feel frail.
You feel stronger.
You feel resistant to poisons. Something hits you but does no damage.
It was a potion of attraction.
You feel attractive to monsters. Something hits you.
You die...

#####..##.##..# #....#
#........###..## #.#..# ###
#.######## #.).# #.#..#### ##...
#.# #...# #.#..... ....# #.#
#...# #.#...## ....# #.#
#..####.#...####..# ..#
#..)..............# #
#############.#####.##.##....# .
.###............@{........#######
#.##.########.#####.##.......#...
##.#.# #.# #.##..####.#... #.##.#
#.# #.##..# #†#.## .###.# #.#
#.##..# #...## ## #(# #.# #.##..#
###### ## #.########.# .##. #
.###..........# .. #
#.............####### #


There were no monsters in sight!

Vanquished Creatures
  Robin (D:2)
  2 adders
  3 worms (D:2)
  3 dart slugs
  4 orcs (D:3)
  5 endoplasms
  6 hobgoblins
  4 jackals (D:1)
  6 quokkas
  9 ball pythons
  A bat (D:3)
  3 frilled lizards
  9 goblins
  5 kobolds
  9 rats
70 creatures vanquished.

Vanquished Creatures (others)
  2 plants (D:3)
2 creatures vanquished.

Grand Total: 72 creatures vanquished

Notes
Turn   | Place    | Note
-------+----------+-------------------------------------------
     0 | D:1      | safid the Minotaur Hunter began the quest for the Orb.
     0 | D:1      | Reached XP level 1. HP: 18/18 MP: 0/0
   115 | D:1      | Reached XP level 2. HP: 25/25 MP: 1/1
   413 | D:1      | Reached XP level 3. HP: 31/31 MP: 2/2
  1000 | D:2      | Reached skill level 5 in Ranged Weapons
  1023 | D:2      | Identified the +1 helmet of Kikubaaqudgha's Esteem {rN+
                  | Dex+7}
  1023 | D:2      | Noticed Robin
  1025 | D:2      | Killed Robin
  1035 | D:2      | Reached XP level 4. HP: 39/39 MP: 3/3
  1684 | D:3      | Found a hazy altar of Hepliaklqana.
  2108 | D:3      | Gained mutation: You are frail. (-10% HP) [potion of
                  | mutation]
  2108 | D:3      | Gained mutation: Your muscles are strong. (Str +4, Int/Dex
                  | -1) [potion of mutation]
  2108 | D:3      | Gained mutation: Your system is resistant to poisons.
                  | (rPois) [potion of mutation]
  2109 | D:3      | Slain by an orc wizard

Illustrated notes

Levels and vault maps discovered:
D:1:      dpeg_arrival_shrine, layout_loops_ring
D:2:      layout_basic, uniq_robin
D:3:      layout_loops_ring, nicolae_hepliaklqana_hazy_memory

Skill      XL: |  1  2  3  4 |
---------------+-------------+-----
Fighting       | 3 4 |  4.0
Dodging        | 3 |  3.6
Ranged Weapons | 5 |  5.3
Stealth        | |  0.7

Action                   |  1- 3 |  4- 6 || total
-------------------------+-------+-------++-------
 Fire: Shortbow          |    92 |    76 ||   168
  Use: Potion            |       |     2 ||     2
Armor: Leather armour    |     4 |       ||     4
       Animal skin       |       |     5 ||     5
Dodge: Dodged            |    21 |     8 ||    29
